 Dungeon Crawl Stone Soup version 0.20-a0-2-g2b0e13a (webtiles) character file.

304911 spe3d0 the Tortoise (level 20, -14/114 HPs)
             Began as a Demonspawn Fighter on Oct 29, 2016.
             Was the Champion of Okawaru.
             Killed from afar by a Hell Sentinel (37 damage)
             ... with damnation
             ... created by the effects of Hell
             ... on level 2 of the Iron City of Dis.
             The game lasted 02:51:13 (37016 turns).

spe3d0 the Tortoise (Demonspawn Fighter)           Turns: 37016, Time: 02:51:13

Health: -14/114    AC: 45    Str: 28    XL:     20   Next: 90%
Magic:  29/29      EV: 12    Int: 17    God:    Okawaru [******]
Gold:   1034       SH: 33    Dex: 24    Spells: 0 memorised, 19 levels left

rFire  + + +     SeeInvis .     J - +12 rapier of Conversion {speed, rF+ MR+ Int+2}
rCold  + + .     Gourm    .     P - +13 plate armour of Truth {rF+ Slay+2}
rNeg   + . .     Faith    +     A - +9 large shield of Elounool {*Contam rElec Str-2 Slay+6}
rPois  +         Spirit   .     (helmet unavailable)
rElec  +         Reflect  .     O - +2 cloak {MR+}
rCorr  .         Harm     .     g - +0 pair of gloves of Depression {Str+2}
MR     +++..     Rnd*Rage +     i - +2 pair of boots {run}
Stlth  ..........               H - amulet of faith {!P}
                                l - ring "Axelig" {rPois Int+4 Stlth+}
                                e - ring "Tiotido" {rC+ rN+ Str+8}

@: agile, quick
A: horns 3, molten scales 3, berserk 1, cold resistance 1, demonic guardian 3,
frail 1, powered by pain 3, strong 1, subdued magic 1
a: Heroism, Finesse, Renounce Religion


You were on level 2 of the Iron City of Dis.
You worshipped Okawaru.
Okawaru was exalted by your worship.
You were hungry.

You visited 7 branches of the dungeon, and saw 32 of its levels.
You also visited: Ossuary, Bailey, Ice Cave and Volcano.

You collected 3879 gold pieces.
You spent 2845 gold pieces at shops.


Innate Abilities, Weirdness & Mutations

You have a pair of large horns on your head.
You are completely covered in molten scales. (AC +4, rF+)
A powerful demonic guardian rushes to your aid.
You are powered by pain.
You tend to lose your temper in combat.
Your flesh is cold resistant. (rC+)
You are frail. (-10% HP)
Your muscles are strong. (Str +2)
Your spells are a little easier to cast, but a little less powerful.


   Skills:
 - Level 3.0 Fighting
 * Level 18.5 Short Blades
   Level 5.1 Maces & Flails
 * Level 19.2 Armour
 * Level 19.1 Shields
 - Level 12.0 Invocations


You had 19 spell levels left.
You didn't know any spells.

Inventory:

Hand Weapons
 j - a +0 trident
 J - the +12 rapier of Conversion (weapon) {speed, rF+ MR+ Int+2}
   (You found it on level 5 of the Dungeon)

   Attacks with this weapon are significantly faster.
   It affects your intelligence (+2).
   It protects you from fire.
   It affects your resistance to hostile enchantments.
Armour
 g - the +0 pair of gloves of Depression (worn) {Str+2}
   (Okawaru gifted it to you on level 2 of the Depths)

   It affects your strength (+2).
 i - a +2 pair of boots of running (worn)
 v - the +5 plate armour of Serendipity {-Tele rElec rF+++ Str+4, unknown}
   (Okawaru gifted it to you on level 2 of the Iron City of Dis)

   It affects your strength (+4).
   It renders you almost immune to fire.
   It insulates you from electricity.
   It prevents most forms of teleportation.
 A - the +9 large shield of Elounool (worn) {*Contam rElec Str-2 Slay+6}
   (You found it in a bailey)

   It affects your strength (-2).
   It affects your accuracy and damage with ranged weapons and melee attacks
   (+6).
   It insulates you from electricity.
   It causes magical contamination when unequipped.
 O - a +2 cloak of magic resistance (worn)
 P - the +13 plate armour of Truth (worn) {rF+ Slay+2}
   (Okawaru gifted it to you on level 13 of the Dungeon)

   It affects your accuracy and damage with ranged weapons and melee attacks
   (+2).
   It protects you from fire.
Jewellery
 e - the ring "Tiotido" (left hand) {rC+ rN+ Str+8}
   (You acquired it on level 11 of the Dungeon)

   [ring of positive energy]

   It affects your strength (+8).
   It protects you from cold.
   It protects you from negative energy.
 l - the ring "Axelig" (right hand) {rPois Int+4 Stlth+}
   (You bought it in a shop on level 4 of the Depths)

   [ring of stealth]

   It affects your intelligence (+4).
   It protects you from poison.
   It makes you more stealthy.
 H - an amulet of faith (around neck) {!P}
 Y - a +6 ring of slaying
Wands
 a - a wand of teleportation (7/9) {@v4}
 m - a wand of hasting (5/9) {@v3}
 n - a wand of confusion (18/48)
 I - a wand of iceblast (3/15)
 U - a wand of acid (7/15)
Scrolls
 c - 3 scrolls of magic mapping
 d - 2 scrolls of teleportation {@r4}
 o - 5 scrolls of blinking
 p - 7 scrolls of fog
 s - 5 scrolls of enchant weapon
 t - 2 scrolls of brand weapon {unknown}
 w - 2 scrolls of recharging
 y - 18 scrolls of identify {@r1}
 E - 7 scrolls of fear
 L - 4 scrolls of enchant armour
 M - 5 scrolls of remove curse {@r2}
Potions
 k - 3 potions of brilliance
 q - 4 potions of curing {@q1}
 r - 9 potions of lignification {!q}
 u - 2 potions of magic
 C - a potion of cancellation
 G - 2 potions of cure mutation
 N - 2 potions of resistance
 Q - a potion of ambrosia
 R - 2 potions of berserk rage {!q}
 Z - 3 potions of haste {@q3}
Books
 T - a book of Death

   Spells                             Type                      Level
   a - Corpse Rot                     Necromancy                   2
   b - Sublimation of Blood           Necromancy                   2
   c - Agony                          Necromancy                   5
   d - Dispel Undead                  Necromancy                   5
   e - Excruciating Wounds            Charms/Necromancy            5
   f - Bolt of Draining               Conjuration/Necromancy       5
Miscellaneous
 b - the horn of Geryon
 S - a phial of floods
Comestibles
 h - 12 royal jellies {@e3}
 x - 5 meat rations {@e1}
 B - 41 fruits {@e2}
 V - 6 beef jerkies {@e2}
 X - 5 slices of pizza {@e2}

Dungeon Overview and Level Annotations

Branches:
Dungeon (15/15) Temple (1/1) D:5 Lair (6/6) D:9 Swamp (0/4) Lair:4 Snake (0/4) Lair:2 Slime (0/5) Lair:5 Orc (2/2) D:10 Elf (0/3) Orc:2 Vaults (0/5) D:13 D:14 Depths (5/5) D:15 Hell (1/1) Dis (2/7) Hell Zot (0/5) Depths:5 Geh: Hell:1 Coc: Hell:1 Tar: Hell:1

Altars:
Ashenzari
Cheibriados
Dithmenos
Elyvilon
Fedhas
Gozag
Hepliaklqana
Kikubaaqudgha
Makhleb
Nemelex Xobeh
Okawaru
Qazlal
Ru
Sif Muna
Trog
Uskayaw
Vehumet
Xom
Yredelemnul
Zin
The Shining One

Shops:
D:9 :   Orc:2 =[(:   Depths:4 }=}[

Portals:
Hell: Lair:6 Depths:1 Depths:2 Depths:4 Depths:5
Abyss: Depths:3 Depths:4
Pandemonium: Depths:3 Depths:5
Ziggurat: Depths:2

Annotations:
D:6 5 runed doors, Potronius's ghost, novice MfGl
D:15 exclusion: Roxanne, Roxanne

#.# #.# #.#
#.####.# #.#####
#......# #......
#......#####......
#...............##
#.######......>.#
#.# #........# #2#
#........# #@#
#........##
#1................
#.................
#.................
##################


You could see a Hell Sentinel and a friendly reaper.


Message History

You focus on the pain.
You feel agile all of a sudden.
You impale the tormentor!!
You headbutt the tormentor, but do no damage.
The tormentor is severely wounded.
You block the tormentor's attack. The tormentor completely misses you.
You hit the tormentor but do no damage.
The tormentor is severely wounded.
You impale the tormentor!!
You kill the tormentor!
Okawaru accepts your kill.
You start resting. "Die, mortal!"
You convulse helplessly as pain tears through your body!
* * * LOW HITPOINT WARNING * * *
You feel better.
You start resting.
You sense an ancient evil watching you...
A Hell Sentinel comes into view.
You feel a little less mighty now.
You impale the Hell Sentinel!! You headbutt the Hell Sentinel.
The Hell Sentinel is moderately wounded.
You hit the Hell Sentinel but do no damage.
Your headbutt misses the Hell Sentinel.
The Hell Sentinel is moderately wounded.
You impale the Hell Sentinel!! You headbutt the Hell Sentinel.
The Hell Sentinel is heavily wounded.
The Hell Sentinel gestures at you.
The sphere of damnation explodes!
The damnation engulfs you!
You die...

Skill      XL: |  1  2  3  4  5  6  7  8  9 10 11 12 13 14 15 16 17 18 19 20 |
---------------+-------------------------------------------------------------+-----
Maces & Flails | 2 3 4 5 |  5.1
Armour         | 3 4 5 6 8 9 10 12 13 14 15 16 17 18 19 | 19.2
Shields        | 3 4 5 6 8 9 10 12 13 14 15 16 17 18 19 | 19.1
Short Blades   | 3 5 7 9 10 11 13 14 15 16 17 18 | 18.5
Invocations    | 7 12 | 12.0
Fighting       | |  3.0

Action                   |  1- 3 |  4- 6 |  7- 9 | 10-12 | 13-15 | 16-18 | 19-21 || total
-------------------------+-------+-------+-------+-------+-------+-------+-------++-------
Melee: Flail             |   151 |   124 |    71 |       |       |       |       ||   346
       Headbutt          |    21 |    23 |    49 |   112 |   348 |   376 |   592 ||  1521
       Rapier            |       |       |   256 |   466 |  1061 |  1016 |  1398 ||  4197
Invok: Heroism           |       |       |     3 |    10 |     5 |    16 |     4 ||    38
       Finesse           |       |       |       |       |       |     1 |     9 ||    10
  Use: Scroll            |       |     9 |     4 |     9 |    15 |     3 |     3 ||    43
       Potion            |       |     1 |       |     4 |     2 |     2 |    11 ||    20
 Stab: Distracted        |       |       |     2 |       |     4 |     5 |     5 ||    16
  Eat: Chunk             |     4 |     4 |     9 |    10 |    22 |     1 |     3 ||    53
       Bread ration      |       |       |     1 |     1 |     3 |     5 |     3 ||    13
       Meat ration       |       |       |     1 |     1 |       |       |       ||     2
Armor: Scale mail        |   102 |    42 |    73 |    58 |       |       |       ||   275
       Ice dragon scales |       |       |       |    11 |       |       |       ||    11
       Plate armour      |       |       |       |    31 |   200 |   212 |   209 ||   652
Dodge: Dodged            |    56 |    29 |    44 |    52 |    52 |    77 |    76 ||   386
Block: Shield            |    81 |    57 |   131 |   185 |       |       |       ||   454
       Reflection        |       |       |    11 |    33 |    41 |       |       ||    85
       Large shield      |       |       |       |   228 |   729 |   679 |   867 ||  2503

Vault maps used:
D:1:      onia_arrival_handbag, minmay_misc_feat_plants, bh_walls_and_bars
D:2:      wad_lake_hut, makhleb_altar_promises_db
D:3:      first_bread, corexii_leaking_fountain
D:4:      kennysheep_generic_room_13, uniq_grinder
D:5:      nicolae_gozag_seed_capital, dk_noncrumbling_4,
          guppyfry_early_lair_pool
D:6:      chequers_temple_overflow_minitemple, gup_ossuary_entry_pyramid,
          minmay_guarded_unrand_staff_of_olgreb
D:7:      nemelex_xobeh_ov_fountains_minmay, lemuel_round_altar
D:9:      dpeg_lair_monsters, serial_shops, shop, hangedman_pestilent_swarm,
          nrook_pool_corridor, grunt_ashenzari_visionary
D:10:     orc_0_dummy, fedhas_altar_1
D:11:     uniq_urug
D:12:     enter_bailey_2
D:13:     kennysheep_small_square
D:14:     david_vaults_3, old_standard_altar, minmay_misc_feat_enclosed,
          uniq_snorg, uniq_azrael, uniq_kirke
D:15:     grunt_enter_depths_magical_seal, hangedman_glass_teeth, uniq_roxanne
Temple:   nicolae_temple_elliptical
Lair:1:   minmay_guarded_unrand_snakebite, enter_volcano_2, minivault_25,
          lemuel_fruit_tree
Lair:2:   minmay_snake_entry_guardpost_large, st_stairs_4, uniq_erica
Lair:4:   nicolae_swamp_entry_splash_gauntlet
Lair:5:   slime_dummy, grunt_megastairs_1
Lair:6:   evil_forest, portal_ice_cave_demonic_guard, lemuel_fruit_fields
Orc:2:    st_orc_elflike
Depths:1: hangedman_geh_valley, feat_on_display, uniq_sojobo
Depths:2: minmay_tile_spiral, enter_ziggurat_d, serial_bayou_pond_d,
          hellmouth_1, spider_trap, firewood_loft, minmay_staircase_bubble,
          serial_bayou_shore_a
Depths:3: hangedman_grunt_twisty_little_passages, hell_entry, special_room,
          abyss_entry, rand_demon_pan_entry_4
Depths:4: thingy_vault_2, serial_shops, nicolae_shop_behind_doors,
          abyss_entry_small_statue_room, hell_entry,
          minmay_misc_feat_four_crosses, feat_on_display,
          infiniplex_staircase_door_maze, minmay_shop_grove
Depths:5: evilmike_zot_entry_diamond, pan_entry, grunt_decor_cap,
          lightli_too_deep
Dis:2:    hangedman_dis_monolith
Ossuary:  ossuary_boxes_badplayer
Bailey:   bailey_polearm_1, bailey
IceCv:    ice_cave_caverns_02
Volcano:  volcano_village

Notes
Turn   | Place    | Note
-------+----------+-------------------------------------------
     0 | D:1      | spe3d0 the Demonspawn Fighter began the quest for the Orb.
     0 | D:1      | Reached XP level 1. HP: 18/18 MP: 1/1
    77 | D:1      | Reached skill level 2 in Maces & Flails
    77 | D:1      | Reached skill level 3 in Armour
    79 | D:1      | Gained mutation: You have a pair of small horns on your head. [demonic ancestry]
    79 | D:1      | Reached XP level 2. HP: 13/24 MP: 2/2
   699 | D:1      | Reached XP level 3. HP: 27/29 MP: 3/3
  1043 | D:2      | Reached skill level 3 in Shields
  1449 | D:2      | Found a burning altar of Makhleb.
  1449 | D:2      | Noticed a blizzard demon
  2045 | D:3      | Gained mutation: A weak demonic guardian rushes to your aid. [demonic ancestry]
  2045 | D:3      | Reached XP level 4. HP: 33/35 MP: 4/4
  2325 | D:3      | Reached skill level 3 in Maces & Flails
  2548 | D:3      | Gained mutation: You have a pair of horns on your head. [demonic ancestry]
  2548 | D:3      | Reached XP level 5. HP: 32/41 MP: 5/5
  2789 | D:3      | Reached skill level 4 in Armour
  3086 | D:4      | Noticed a phantom
  3102 | D:4      | Killed a phantom
  3102 | D:4      | Reached XP level 6. HP: 42/47 MP: 6/6
  3141 | D:4      | Noticed Grinder
  3184 | D:4      | Killed Grinder
  3184 | D:4      | Reached skill level 4 in Maces & Flails
  3184 | D:4      | Reached skill level 4 in Shields
  3300 | D:4      | Reached skill level 5 in Armour
  3300 | D:4      | Gained mutation: You are partially covered in molten scales. (AC +2) [demonic ancestry]
  3300 | D:4      | Reached XP level 7. HP: 52/52 MP: 7/7
  3798 | D:5      | Entered Level 5 of the Dungeon
  3799 | D:5      | Noticed FangTR18's ghost (novice TeCj)
  3809 | D:5      | Killed FangTR18's ghost
  3809 | D:5      | Reached skill level 5 in Shields
  4002 | D:5      | Reached skill level 5 in Maces & Flails
  4391 | D:5      | Gained mutation: You have a pair of large horns on your head. [demonic ancestry]
  4391 | D:5      | Reached XP level 8. HP: 54/58 MP: 8/8
  4438 | D:5      | Found a staircase to the Ecumenical Temple.
  4450 | Temple   | Entered the Ecumenical Temple
  4577 | Temple   | Became a worshipper of Warmaster Okawaru
  4629 | D:5      | Found an opulent altar of Gozag.
  4729 | D:5      | Got an encrusted rapier
  4730 | D:5      | Identified the +12 rapier of Conversion {speed, rF+ MR+ Int+2} (You found it on level 5 of the Dungeon)
  4871 | D:6      | Found a sand-covered staircase.
  4879 | Ossuary  | Entered an ossuary
  5012 | Ossuary  | Reached skill level 1 in Short Blades
  5029 | Ossuary  | Reached skill level 6 in Armour
  5264 | D:6      | Noticed Potronius's ghost (novice MfGl)
  5471 | D:6      | Found a runed gate.
  5476 | D:6      | Found a runed gate.
  5476 | D:6      | Found a runed gate.
  5489 | D:6      | Found a runed door.
  5526 | D:6      | Found a runed door.
  5560 | D:6      | Reached skill level 6 in Shields
  5646 | D:6      | Found a faded altar of an unknown god.
  5646 | D:6      | Found a white marble altar of Elyvilon.
  5651 | D:6      | Found a faded altar of an unknown god.
  5653 | D:6      | Found a faded altar of an unknown god.
  5655 | D:6      | Found a faded altar of an unknown god.
  5728 | D:6      | Reached skill level 2 in Short Blades
  6141 | D:7      | Noticed a troll
  6146 | D:7      | Killed a troll
  6146 | D:7      | Reached * piety under Okawaru
  6146 | D:7      | Reached skill level 3 in Short Blades
  6331 | D:7      | Gained mutation: A demonic guardian rushes to your aid. [demonic ancestry]
  6331 | D:7      | Reached XP level 9. HP: 63/63 MP: 9/9
  6342 | D:7      | Found an ancient bone altar of Kikubaaqudgha.
  6365 | D:7      | Found a sparkling altar of Nemelex Xobeh.
  6591 | D:7      | Reached skill level 7 in Armour
  6757 | D:7      | Noticed someotherguy6's ghost (novice MiFi)
  6785 | D:7      | Killed someotherguy6's ghost
  6785 | D:7      | Reached ** piety under Okawaru
  6785 | D:7      | Reached skill level 4 in Short Blades
  6785 | D:7      | Reached skill level 7 in Shields
  7468 | D:8      | Reached skill level 5 in Short Blades
  7661 | D:9      | Found Cuaprauti's Book Emporium.
  7703 | D:9      | Found a staircase to the Lair.
  7705 | D:9      | Noticed a death yak
  7712 | D:9      | Reached skill level 8 in Armour
  7715 | D:9      | Reached skill level 8 in Shields
  7717 | D:9      | Noticed a death yak
  7740 | D:9      | Killed a death yak
  7740 | D:9      | Reached *** piety under Okawaru
  7740 | D:9      | Gained mutation: You are mostly covered in molten scales. (AC +3) [demonic ancestry]
  7740 | D:9      | Reached XP level 10. HP: 53/70 MP: 7/10
  7763 | D:9      | Killed a death yak
  7763 | D:9      | Reached **** piety under Okawaru
  7763 | D:9      | Reached skill level 6 in Short Blades
  8540 | D:9      | Found a shattered altar of Ashenzari.
  8544 | D:9      | Saw a vision of the Swamp and the Snake Pit.
  8544 | D:9      | Noticed a black mamba
  8544 | D:9      | Noticed a black mamba
  8544 | D:9      | Noticed a black mamba
  8544 | D:9      | Noticed a mana viper
  8545 | D:9      | Noticed a naga ritualist
  8731 | D:10     | Entered Level 10 of the Dungeon
  8826 | D:10     | Found a blossoming altar of Fedhas.
  8840 | D:10     | Reached skill level 9 in Shields
  8863 | D:10     | Reached skill level 9 in Armour
  8867 | D:10     | Gained mutation: You are dopey. (Int -2) [mutagenic meat]
  8868 | D:10     | Gained mutation: You are frail. (-10% HP) [mutagenic meat]
  8869 | D:10     | Gained mutation: You tend to lose your temper in combat. [mutagenic meat]
  8870 | D:10     | Gained mutation: You evolve. [mutagenic meat]
  9073 | D:10     | Reached skill level 7 in Short Blades
  9102 | D:10     | Identified a wand of teleportation (You found it on level 10 of the Dungeon)
  9214 | D:10     | Reached ***** piety under Okawaru
  9399 | D:10     | Found a staircase to the Orcish Mines.
  9584 | D:11     | Noticed a hill giant
  9596 | D:11     | Killed a hill giant
  9721 | D:11     | Noticed a hill giant
  9732 | D:11     | Killed a hill giant
  9732 | D:11     | Gained mutation: You are completely covered in molten scales. (AC +4, rF+) [demonic ancestry]
  9732 | D:11     | Reached XP level 11. HP: 52/67 MP: 8/11
  9733 | D:11     | Gained mutation: You passively map a small area around you. [potion of mutation]
  9733 | D:11     | Lost mutation: You are dopey. (Int -2) [potion of mutation]
  9735 | D:11     | Identified a potion of resistance
  9738 | D:11     | Identified a scroll of acquirement
  9739 | D:11     | Got a slimy granite ring
  9741 | D:11     | Identified the ring "Tiotido" {rC+ rN+ Str+8} (You acquired it on level 11 of the Dungeon)
  9781 | D:11     | Noticed Urug
  9801 | D:11     | Killed Urug
  9965 | D:11     | Got a crude mace
  9966 | D:11     | Identified the +3 mace of Gehenna {flame, Int+4} (You found it on level 11 of the Dungeon)
 10057 | D:11     | Noticed a brown ugly thing
 10075 | D:11     | Killed a brown ugly thing
 10128 | D:11     | Reached skill level 8 in Short Blades
 10181 | D:12     | Received a gift from Okawaru
 10182 | D:12     | Got a faintly glowing buckler {god gift}
 10184 | D:12     | Noticed a white ugly thing
 10192 | D:12     | Reached skill level 10 in Shields
 10454 | D:11     | Killed a white ugly thing
 10462 | D:11     | Gained mutation: Your flesh is cold resistant. (rC+) [mutagenic meat]
 10474 | D:11     | Reached skill level 10 in Armour
 10583 | D:12     | Noticed a hill giant
 10588 | D:12     | Killed a hill giant
 10793 | D:12     | Found a flagged portal.
 10805 | D:12     | Noticed a hill giant
 10815 | D:12     | Killed a hill giant
 10817 | Bailey   | Entered a bailey
 10987 | Bailey   | Noticed an orc knight
 11047 | Bailey   | Got a shimmering large shield
 11058 | Bailey   | Identified the +9 large shield of Elounool {*Contam rElec Str-2 Slay+6} (You found it in a bailey)
 11749 | D:12     | Got a polished rapier
 11750 | D:12     | Identified the +7 rapier of Lies {drain, Str+4 Int+3} (You found it on level 12 of the Dungeon)
 11792 | D:13     | Noticed a centaur warrior
 11797 | D:13     | Killed a centaur warrior
 11879 | D:13     | Noticed a purple ugly thing
 11885 | D:13     | Killed a purple ugly thing
 11888 | D:13     | Reached skill level 9 in Short Blades
 11894 | D:13     | Noticed a hill giant
 11898 | D:13     | Noticed a hill giant
 11899 | D:13     | Killed a hill giant
 11902 | D:13     | Noticed a hill giant
 11911 | D:13     | Killed a hill giant
 11916 | D:13     | Killed a hill giant
 11916 | D:13     | Received a gift from Okawaru
 11916 | D:13     | Gained mutation: You sometimes gain a little power by taking damage. [demonic ancestry]
 11916 | D:13     | Reached XP level 12. HP: 42/71 MP: 12/12
 11920 | D:13     | Got an ichor-stained plate armour {god gift}
 11931 | D:13     | Identified the +13 plate armour of Truth {rF+ Slay+2} (Okawaru gifted it to you on level 13 of the Dungeon)
 12099 | D:13     | Reached skill level 11 in Armour
 12108 | D:13     | Got a twisted helmet
 12381 | D:13     | Reached skill level 11 in Shields
 12457 | D:14     | Found a gate to the Vaults.
 12457 | D:14     | Noticed a centaur warrior
 12457 | D:14     | Noticed Rupert
 12457 | D:14     | Noticed a centaur warrior
 12513 | D:14     | Noticed Azrael
 12667 | D:14     | Noticed a centaur warrior
 12671 | D:14     | Killed a centaur warrior
 12742 | D:14     | Noticed Snorg
 12748 | D:14     | Reached skill level 10 in Short Blades
 12749 | D:14     | Reached ****** piety under Okawaru
 12755 | D:14     | Killed Snorg
 12755 | D:14     | Received a gift from Okawaru
 12756 | D:14     | Noticed a tengu warrior
 12785 | D:14     | Killed a tengu warrior
 12942 | D:14     | Noticed a tengu warrior
 12948 | D:14     | Killed a tengu warrior
 12969 | D:14     | Noticed Kirke
 12991 | D:14     | Killed Kirke
 13005 | D:14     | Noticed a centaur warrior
 13007 | D:14     | Killed a centaur warrior
 13200 | D:14     | Paralysed by Rupert for 2 turns
 13205 | D:14     | Killed Rupert
 13205 | D:14     | Reached skill level 12 in Armour
 13205 | D:14     | Reached skill level 12 in Shields
 13205 | D:14     | Reached XP level 13. HP: 76/76 MP: 10/13
 13211 | D:14     | Identified a +2 pair of boots of running (Okawaru gifted it to you on level 14 of the Dungeon)
 13292 | D:14     | Received a gift from Okawaru
 13395 | D:14     | Reached skill level 11 in Short Blades
 13408 | D:14     | Found a hide-covered altar of Uskayaw.
 13482 | D:14     | Killed Azrael
 13789 | D:14     | Gained mutation: Your muscles are strong. (Str +2) [evolution]
 13894 | D:15     | Entered Level 15 of the Dungeon
 14054 | D:15     | Found a staircase to the Depths.
 14121 | D:15     | Received a gift from Okawaru
 14171 | D:15     | Noticed Roxanne
 14228 | D:15     | Reached skill level 13 in Armour
 14300 | D:15     | Reached skill level 13 in Shields
 14492 | D:15     | Gained mutation: You sometimes gain power by taking damage. [demonic ancestry]
 14492 | D:15     | Reached XP level 14. HP: 78/82 MP: 14/14
 14499 | D:15     | Reached skill level 12 in Short Blades
 14997 | D:15     | Identified the +3 buckler of the Pure Runes {MR+} (Okawaru gifted it to you on level 12 of the Dungeon)
 15208 | Lair:1   | Entered Level 1 of the Lair of Beasts
 15355 | Lair:1   | Received a gift from Okawaru
 15745 | Lair:1   | Found a dark tunnel.
 15794 | Volcano  | Entered a volcano
 16487 | Lair:2   | Noticed Erica
 16499 | Lair:2   | Killed Erica
 16584 | Lair:2   | Got a scorched jade amulet
 16586 | Lair:2   | Identified the amulet of Peasenn {RegenMP Str-2 Int+7} (You found it on level 2 of the Lair of Beasts)
 16630 | Lair:2   | Found a staircase to the Snake Pit.
 16814 | Lair:2   | Received a gift from Okawaru
 17404 | Lair:3   | You fall through a shaft!
 17578 | Lair:4   | Reached skill level 14 in Armour
 17722 | Lair:4   | Reached skill level 14 in Shields
 17973 | Lair:4   | Found a staircase to the Swamp.
 17976 | Lair:4   | Reached skill level 13 in Short Blades
 18297 | Lair:5   | Found a staircase to the Slime Pits.
 18326 | Lair:5   | Received a gift from Okawaru
 18672 | Lair:5   | Reached XP level 15. HP: 87/87 MP: 15/15
 19073 | Lair:6   | Entered Level 6 of the Lair of Beasts
 19167 | Lair:6   | Received a gift from Okawaru
 19313 | Lair:6   | Got a polished long sword
 19314 | Lair:6   | Identified the cursed +1 long sword "Spiderslayer" {drain, Str+4 SInv Stlth-} (You found it on level 6 of the Lair of Beasts)
 19815 | Lair:6   | Received a gift from Okawaru
 19816 | Lair:6   | Got a crystal rapier {god gift}
 19817 | Lair:6   | Identified the +2 rapier of Might {flame, *Corrode rN+ Int+4 Dex+2} (Okawaru gifted it to you on level 6 of the Lair of Beasts)
 19834 | Lair:6   | Found a frozen archway.
 19850 | IceCv    | Entered an ice cave
 20090 | IceCv    | Got a faintly glowing short sword
 20092 | IceCv    | Identified a wand of hasting (You found it in an ice cave)
 20600 | Lair:6   | Found a burning altar of Makhleb.
 20984 | Lair:6   | Found a gateway to Hell.
 21017 | Hell     | Entered the Vestibule of Hell
 21017 | Hell     | Noticed Geryon
 21230 | Orc:1    | Entered Level 1 of the Orcish Mines
 21313 | Orc:2    | Entered Level 2 of the Orcish Mines
 21353 | Orc:2    | Received a gift from Okawaru
 21418 | Orc:2    | Found a staircase to the Elven Halls.
 21465 | Orc:2    | Reached skill level 15 in Armour
 21525 | Orc:2    | Found Peireunu's Book Emporium.
 21530 | Orc:2    | Reached skill level 14 in Short Blades
 21884 | Orc:2    | Found Xofyeg's Armour Shop.
 21891 | Orc:2    | Found Foag's Jewellery Shop.
 21893 | Orc:2    | Found Goh Usm's Weapon Emporium.
 22112 | Orc:2    | Received a gift from Okawaru
 22112 | Orc:2    | Reached skill level 15 in Shields
 22250 | Orc:2    | Bought a +6 ring of slaying for 2013 gold pieces
 23182 | Depths:1 | Entered Level 1 of the Depths
 23432 | Depths:1 | Gained mutation: You are powered by pain. [demonic ancestry]
 23432 | Depths:1 | Reached XP level 16. HP: 89/93 MP: 16/16
 23451 | Depths:1 | Noticed a tengu reaver
 23452 | Depths:1 | Noticed Sojobo
 23452 | Depths:1 | Noticed a tengu reaver
 23480 | Depths:1 | Killed a tengu reaver
 24058 | Depths:1 | Killed a tengu reaver
 24076 | Depths:1 | Killed Sojobo
 24076 | Depths:1 | Received a gift from Okawaru
 24664 | Depths:2 | Received a gift from Okawaru
 25184 | Depths:2 | Found a gateway to a ziggurat.
 25189 | Depths:2 | Reached skill level 15 in Short Blades
 25254 | Depths:2 | Noticed a sphinx
 25272 | Depths:2 | Killed a sphinx
 25272 | Depths:2 | Reached skill level 16 in Armour
 25305 | Depths:2 | Received a gift from Okawaru
 25361 | Depths:2 | Lost mutation: You passively map a small area around you. [evolution]
 25372 | Depths:2 | Got a pair of spiked gloves {god gift}
 25384 | Depths:2 | Identified the +0 pair of gloves of Depression {Str+2} (Okawaru gifted it to you on level 2 of the Depths)
 25395 | Depths:2 | Noticed a tentacled monstrosity
 25413 | Depths:2 | Noticed a storm dragon
 25498 | Depths:2 | Killed a tentacled monstrosity
 25503 | Depths:2 | Reached skill level 16 in Shields
 26120 | Depths:2 | Reached XP level 17. HP: 93/98 MP: 17/17
 26273 | Depths:2 | Received a gift from Okawaru
 26372 | Depths:2 | Killed a storm dragon
 26374 | Depths:2 | Noticed a storm dragon
 26383 | Depths:2 | Killed a storm dragon
 26385 | Depths:2 | Noticed a tentacled monstrosity
 26400 | Depths:2 | Killed a tentacled monstrosity
 26409 | Depths:2 | Received a gift from Okawaru
 26644 | Depths:2 | Noticed a tengu reaver
 26649 | Depths:2 | Killed a tengu reaver
 26670 | Depths:2 | Got a jewelled chain mail
 26681 | Depths:2 | Identified the +4 chain mail of Creativity {Str+3} (You found it on level 2 of the Depths)
 27032 | Depths:3 | Reached skill level 16 in Short Blades
 27321 | Depths:3 | Reached skill level 17 in Armour
 27328 | Depths:3 | Received a gift from Okawaru
 27334 | Depths:3 | Found a one-way gate to the infinite horrors of the Abyss.
 27691 | Depths:3 | Paralysed by a vampire knight for 7 turns
 27887 | Depths:3 | Reached skill level 1 in Invocations
 27894 | Depths:3 | Found a one-way gate leading to the halls of Pandemonium.
 27900 | Depths:3 | Reached skill level 2 in Invocations
 27973 | Depths:3 | Reached skill level 3 in Invocations
 27983 | Depths:3 | Reached skill level 4 in Invocations
 27989 | Depths:3 | Received a gift from Okawaru
 28007 | Depths:3 | Got a smoking mace {god gift}
 28008 | Depths:3 | Identified the +4 mace "Bycaut" {crush, -Tele rElec rPois Str+10} (Okawaru gifted it to you on level 3 of the Depths)
 28035 | Depths:3 | Gained mutation: Your spells are a little easier to cast, but a little less powerful. [evolution]
 28036 | Depths:3 | Reached skill level 5 in Invocations
 28042 | Depths:3 | Noticed an ancient lich
 28052 | Depths:3 | Killed an ancient lich
 28052 | Depths:3 | Reached skill level 7 in Invocations
 28052 | Depths:3 | Reached XP level 18. HP: 80/103 MP: 20/23
 28150 | Depths:3 | Identified the Compendium of Dark Arts
 28257 | Depths:4 | Noticed a tentacled monstrosity
 28265 | Depths:4 | Reached skill level 8 in Invocations
 28274 | Depths:4 | Killed a tentacled monstrosity
 28277 | Depths:4 | Reached skill level 9 in Invocations
 28338 | Depths:4 | Noticed a lich
 28340 | Depths:4 | Paralysed by a lich for 4 turns
 28348 | Depths:4 | Killed a lich
 28348 | Depths:4 | Received a gift from Okawaru
 28372 | Depths:4 | Reached skill level 10 in Invocations
 28703 | Depths:4 | Reached skill level 11 in Invocations
 28708 | Depths:4 | Found Qinla's Gadget Shop.
 28785 | Depths:4 | Found Omelar's Antique Armour Shoppe.
 29083 | Depths:4 | Found Fileucs's Jewellery Shoppe.
 29084 | Depths:4 | Found Muqenaf's Gadget Shop.
 29136 | Depths:4 | Reached skill level 12 in Invocations
 29182 | Depths:4 | Bought the ring "Axelig" {rPois Int+4 Stlth+} for 519 gold pieces
 29603 | Depths:4 | Reached skill level 17 in Shields
 29893 | Depths:4 | Found a runed door.
 30052 | Depths:4 | Bought an ancient large shield for 313 gold pieces
 30066 | Depths:4 | Identified the +6 large shield of the Soldier {rCorr Str+5} (You bought it in a shop on level 4 of the Depths)
 30254 | Depths:4 | Found a runed door.
 30258 | Depths:4 | Noticed a storm dragon
 30273 | Depths:4 | Killed a storm dragon
 30273 | Depths:4 | Received a gift from Okawaru
 30309 | Depths:4 | Noticed a lich
 30327 | Depths:4 | Killed a lich
 30332 | Depths:4 | Received a gift from Okawaru
 30414 | Depths:4 | Noticed a tentacled monstrosity
 30455 | Depths:4 | Killed a tentacled monstrosity
 30521 | Depths:4 | Got an ancient dagger {god gift}
 30522 | Depths:4 | Identified the +2 dagger "Nebb" {pierce, *Slow rPois rF+++ SInv} (Okawaru gifted it to you on level 4 of the Depths)
 30819 | Depths:5 | Entered Level 5 of the Depths
 30825 | Depths:5 | Noticed a golden dragon
 30842 | Depths:5 | Killed a golden dragon
 30842 | Depths:5 | Received a gift from Okawaru
 30842 | Depths:5 | Gained mutation: A powerful demonic guardian rushes to your aid. [demonic ancestry]
 30842 | Depths:5 | Reached XP level 19. HP: 108/108 MP: 22/28
 30968 | Depths:5 | Noticed a golden dragon
 30979 | Depths:5 | Killed a golden dragon
 31039 | Depths:5 | Noticed a golden dragon
 31057 | Depths:5 | Killed a golden dragon
 31057 | Depths:5 | Received a gift from Okawaru
 31057 | Depths:5 | Reached skill level 17 in Short Blades
 31072 | Depths:5 | Got a twisted short sword {god gift}
 31073 | Depths:5 | Identified the +11 short sword "Nizef" {pierce, Dex+3 SInv Stlth+} (Okawaru gifted it to you on level 5 of the Depths)
 31361 | Depths:5 | Received a gift from Okawaru
 31362 | Depths:5 | Got a jewelled flail {god gift}
 31440 | Depths:5 | Reached skill level 18 in Armour
 32048 | Depths:5 | Found a gate to the Realm of Zot.
 32114 | Depths:5 | Reached skill level 18 in Shields
 32252 | Depths:5 | Got a slimy chain mail
 32262 | Depths:5 | Identified the +7 flail of the Desert {speed, +Fly Str+5} (Okawaru gifted it to you on level 5 of the Depths)
 32274 | Depths:5 | Identified the +3 chain mail "Hicaorgh" {rCorr} (You found it on level 5 of the Depths)
 32294 | Depths:5 | Got a scorched chain mail
 32305 | Depths:5 | Identified the cursed +1 chain mail of the First Snow {rN+ Regen+} (You found it on level 5 of the Depths)
 32373 | Depths:5 | Received a gift from Okawaru
 32374 | Depths:5 | Got a faintly humming ring mail {god gift}
 32423 | Depths:5 | Identified the +1 ring mail "Qiaputod" {rN+ Int+3} (Okawaru gifted it to you on level 5 of the Depths)
 32467 | Depths:5 | Noticed a lich
 32468 | Depths:5 | Paralysed by a floating eye for 4 turns
 32478 | Depths:5 | Killed a lich
 32580 | Hell     | Killed Geryon
 32868 | Hell     | Found a gateway to the Iron City of Dis.
 32873 | Dis:1    | Entered Level 1 of the Iron City of Dis
 33550 | Dis:2    | HP: 10/108 [iron troll zombie (10)]
 33760 | Dis:2    | Reached XP level 20. HP: 23/114 MP: 25/29
 33961 | Dis:2    | HP: 11/114 [??? (6)]
 33975 | Dis:2    | HP: 10/114 [something (14)]
 34410 | Dis:2    | Received a gift from Okawaru
 34680 | Dis:2    | Reached skill level 18 in Short Blades
 34846 | Dis:2    | Lost mutation: You evolve. [evolution]
 35362 | Dis:2    | Received a gift from Okawaru
 35438 | Dis:2    | Got a pitted plate armour {god gift}
 35567 | Dis:2    | Reached skill level 19 in Armour
 36239 | Dis:2    | Reached skill level 19 in Shields
 36285 | Dis:2    | Received a gift from Okawaru
 36982 | Dis:2    | HP: 9/114 [something (35)]
 37016 | Dis:2    | Killed from afar by a Hell Sentinel

Vanquished Creatures
  An ancient lich (Depths:3)
  Sojobo (Depths:1)
  Geryon (Hell)
  2 golden dragons (Depths:5)
  A Tzitzimitl (Dis:2)
  3 liches
  An iron giant (Dis:2)
  4 tentacled monstrosities
  A Hell Sentinel (Dis:2)
  A quicksilver dragon (Depths:5)
  4 Executioners (Dis:2)
  3 ancient champions (Dis:2)
  An eldritch tentacle (Dis:2)
  4 shadow dragons
  2 tengu reavers (Depths:1)
  Kirke (D:14)
  3 sphinxes
  2 storm dragons
  4 iron dragons
  7 frost giants
  7 fire giants
  2 balrugs
  A cacodemon (Dis:2)
  2 juggernaut zombies (Depths:3)
  2 spriggan defenders (Depths:2)
  2 war gargoyles
  14 reapers
  2 draconian callers (Depths:5)
  8 very ugly things
  4 vampire knights
  12 stone giants
  A green draconian (Depths:5)
  2 lorocyprocas
  A red draconian (Depths:5)
  A spark wasp (shapeshifter) (Depths:5)
  3 spark wasps
  A yellow draconian (Depths:5)
  Azrael (D:14)
  4 ettins
  A green death (Hell)
  A deep elf death mage (Depths:3)
  A merfolk javelineer (Depths:2)
  A fire dragon (shapeshifter) (Depths:2)
  4 fire dragons
  Snorg (D:14)
  3 yaktaur captains
  A quicksilver dragon zombie (Dis:2)
  2 deep elf high priests (Depths:2)
  2 jiangshi (Depths:4)
  A hell beast (Depths:3)
  A spectral golden dragon (Depths:3)
  4 rakshasas
  2 great orbs of eyes
  9 hydras
  2 great orbs of eyes (shapeshifter)
  2 spriggan air magi
  11 centaur warriors
  5 ice dragons
  Erica (Lair:2)
  An alligator (shapeshifter) (Depths:4)
  An anaconda (shapeshifter) (Depths:1)
  8 tengu warriors
  7 deep troll shamans
  5 ogre magi
  6 deep troll earth magi
  7 hell hogs
  A vampire mage (Depths:4)
  3 dancing weapons (Dis:2)
  3 death yaks
  3 orc high priests (Orc:2)
  A storm dragon zombie (Depths:3)
  4 spriggan berserkers
  3 soul eaters
  Urug (D:11)
  33 skeletal warriors
  2 spriggans (Depths:2)
  2 iron trolls (Depths:4)
  2 iron golems
  5 hell knights (Dis:2)
  4 sun demons
  A sixfirhy (Lair:6)
  A golden dragon zombie (Dis:2)
  A storm dragon skeleton (Dis:2)
  A death drake (shapeshifter) (Depths:5)
  An infernal demonspawn (Depths:3)
  2 anaconda zombies (Dis:2)
  2 shadow demons (Dis:2)
  28 deep trolls
  3 flayed ghosts
  An unseen horror (D:15)
  A glowing orange brain (Depths:3)
  An orange crystal statue (Depths:4)
  4 wizards
  A phantasmal warrior (Dis:2)
  7 orc knights
  10 hill giants
  2 necromancers
  4 iron dragon zombies (Dis:2)
  4 deep elf magi
  2 wolf spider zombies (Dis:2)
  7 orc sorcerers
  A fire giant zombie (Dis:2)
  A cyclops (D:12)
  17 ugly things
  10 slime creatures
  A moth of wrath (shapeshifter) (D:14)
  A cyclops (shapeshifter) (Depths:4)
  7 elephants
  3 salamanders (Volcano)
  3 frost giant zombies
  A frost giant skeleton (Dis:2)
  6 iron dragon skeletons (Dis:2)
  10 black mambas
  An elephant (shapeshifter) (Depths:4)
  A fire giant skeleton (Dis:1)
  2 smoke demons
  A dire elephant zombie (Dis:2)
  An ice statue (IceCv)
  A shock serpent zombie (Dis:2)
  19 rust devils
  2 orange demons (Lair:6)
  14 spiny frogs
  9 komodo dragons
  A kobold demonologist (D:10)
  7 hellions (Dis:2)
  13 tormentors
  2 rime drakes
  3 hellwings
  A freezing wraith (Dis:2)
  4 iron troll zombies (Dis:2)
  8 yaktaurs
  5 ice devils
  An elf skeleton (Depths:3)
  6 red devils
  A tengu conjurer (Depths:5)
  2 harpy zombies (Dis:2)
  6 trolls
  5 polar bears
  6 hornets
  An ettin zombie (Dis:2)
  2 iron troll skeletons (Dis:2)
  16 two-headed ogres
  A hornet (shapeshifter) (Depths:2)
  22 blink frogs
  13 hippogriffs
  9 flying skulls (Dis:2)
  An alligator skeleton (Dis:2)
  10 shadows
  3 air elementals (Depths:4)
  7 fire elementals
  A hog (shapeshifter) (Depths:2)
  12 water elementals
  25 yaks
  2 basilisks
  2 wyverns
  A vampire (D:13)
  6 wraiths
  A black mamba skeleton (Dis:1)
  A chaos spawn (Depths:3)
  6 fire bats
  A steam dragon (D:10)
  12 humans
  3 hungry ghosts
  A hog (D:14)
  2 mottled dragons
  5 vampire mosquitoes
  5 swamp worms (Lair:4)
  5 nagas (Lair:2)
  A warg (Orc:1)
  2 soldier ants (D:9)
  A torturous demonspawn zombie (Dis:2)
  24 water moccasins
  5 porcupines
  20 hell hounds
  2 ice beasts
  23 orc warriors
  4 sky beasts
  2 phantoms (D:4)
  A snapping turtle zombie (Dis:1)
  A black bear (D:9)
  A manticore zombie (Dis:2)
  4 necrophages
  13 wolves
  25 ogres
  12 centaurs
  7 crocodiles
  2 big kobolds
  12 bullfrogs
  A spiny frog simulacrum (Hell)
  A wyvern skeleton (D:14)
  3 scorpions
  20 wights
  2 troll zombies
  An electric eel (Lair:4)
  A howler monkey (D:6)
  8 crimson imps
  2 bullfrog zombies
  A quasit (D:8)
  5 hounds
  3 centaur zombies
  7 centaur skeletons
  12 orc priests
  13 iron imps
  3 jellies
  6 bullfrog skeletons
  19 orc wizards
  4 iguanas
  9 worker ants
  6 hell rats
  A big kobold zombie (Ossuary)
  3 ogre zombies (Ossuary)
  A hound zombie (D:10)
  11 mummies
  13 adders
  2 gnolls (D:3)
  A howler monkey skeleton (D:4)
  2 shadow imps (D:11)
  4 adder zombies
  A worm (D:2)
  5 dart slugs
  7 leopard geckos
  77 orcs
  15 bats
  7 giant cockroaches
  7 goblins
  5 hobgoblins
  7 jackals
  3 quokkas
  5 frilled lizards
  A gnoll zombie (Ossuary)
  4 goblin zombies (Ossuary)
  8 hobgoblin zombies (Ossuary)
  A jackal zombie (D:6)
  11 kobolds
  4 kobold zombies (Ossuary)
  A quokka skeleton (D:4)
  4 quokka zombies
  14 rats
  A rat zombie (Ossuary)
  2 crawling corpses (Depths:2)
1234 creatures vanquished.

Vanquished Creatures (collateral kills)
  A golden dragon (Depths:5)
  Rupert (D:14)
  An Executioner (Dis:2)
  A tengu reaver (Depths:2)
  A storm dragon (Depths:2)
  A yaktaur captain (Depths:4)
  A hydra (Lair:6)
  An ice dragon (Depths:5)
  A centaur warrior (D:14)
  3 deep troll shamans
  An ogre mage (D:15)
  A spriggan berserker (Depths:5)
  A soul eater (Depths:3)
  The ghost of someotherguy6 the Fighter, a novice MiFi of Okawaru (D:7)
  3 skeletal warriors
  A deep troll (Depths:5)
  3 hill giants
  An orc sorcerer (Orc:2)
  A mana viper (shapeshifter) (D:13)
  An ugly thing (D:11)
  An elephant (Lair:5)
  A centaur zombie (D:14)
  2 rust devils (Hell)
  A spiny frog (Lair:6)
  A gargoyle (D:11)
  2 orange demons (Lair:6)
  2 komodo dragons
  A tormentor (Dis:2)
  A yaktaur (Depths:5)
  The ghost of FangTR18 the Destroyer, a novice TeCj (D:5)
  A red devil (Hell)
  A troll (D:9)
  A hornet (Depths:5)
  Grinder (D:4)
  2 blink frogs
  2 two-headed ogres
  A fire dragon skeleton (Dis:2)
  A spriggan (Depths:5)
  A wyvern (D:13)
  2 hogs (D:14)
  A yak (Lair:6)
  A fire elemental (D:14)
  2 humans (D:14)
  A vampire mosquito (D:13)
  A hell hound (Dis:2)
  A floating eye (Depths:5)
  An orc warrior (Orc:2)
  2 ogres (D:15)
  3 centaurs
  A crocodile (Lair:6)
  3 orc priests (Orc:2)
  3 centaur skeletons
  An orc wizard (D:12)
  2 shadow imps
  4 orcs
  A kobold (D:12)
80 creatures vanquished.

Vanquished Creatures (others)
  A fire giant (Depths:2)
  A centaur warrior (D:15)
  3 humans (D:14)
  A basilisk (D:14)
  3 wolves (IceCv)
  An ogre (D:14)
  4 centaurs
  A bullfrog (D:14)
  A wyvern skeleton (D:10)
  An orc wizard (Orc:2)
  A mummy (Dis:1)
  An adder (D:6)
  2 orcs
  4 fungi
  14 plants
39 creatures vanquished.

Grand Total: 1353 creatures vanquished
